 Dungeon Crawl Stone Soup version 0.21-a0-531-gacddea6 (webtiles) character file.

16 slep the Chopper (level 2, -1/22 HPs)
             Began as a Demonspawn Gladiator on Dec 14, 2017.
             Slain by an adder (2 damage)
             ... on level 2 of the Dungeon.
             The game lasted 00:01:42 (644 turns).

slep the Chopper (Demonspawn Gladiator)              Turns: 644, Time: 00:01:44

Health: -1/22      AC:  4    Str: 14    XL:     2   Next: 37%
Magic:  2/2        EV: 13    Int: 12    God:
Gold:   39         SH:  0    Dex: 14    Spells: 1/1 levels left

rFire    . . .     SeeInvis .   a - +0 war axe
rCold    . . .     Gourm    .   (no shield)
rNeg     . . .     Faith    .   b - +0 leather armour
rPois    .         Spirit   .   c - +0 helmet
rElec    .         Reflect  .   (no cloak)
rCorr    +         Harm     .   (no gloves)
MR       .....                  (no boots)
Stlth    +.........             (no amulet)
HPRegen  0.07/turn              h - +3 ring of intelligence
MPRegen  0.08/turn              i - ring of resist corrosion

@: lethally poisoned (-1 -> -8)
A: powered by death 1
a: no special abilities


You were on level 2 of the Dungeon.
You were not hungry.

You visited 1 branch of the dungeon, and saw 2 of its levels.

You collected 39 gold pieces.

Inventory:

Hand Weapons
 a - a +0 war axe (weapon)
Missiles
 d - 3 throwing nets (quivered)
Armour
 b - a +0 leather armour (worn)
 c - a +0 helmet (worn)
Jewellery
 h - a +3 ring of intelligence (left hand)
 i - a ring of resist corrosion (right hand)
Scrolls
 e - a scroll of enchant armour {unknown}
 j - a scroll of teleportation {unknown}
 k - a scroll of enchant weapon {unknown}
 l - a scroll of identify {unknown}
Potions
 g - 2 potions of curing {unknown}
Comestibles
 f - a bread ration


   Skills:
 + Level 2.0 Fighting
 + Level 3.1 Axes
 + Level 1.7 Throwing
 + Level 0.5 Armour
 + Level 2.9 Dodging


You had one spell level left.
You didn't know any spells.

Dungeon Overview and Level Annotations

Branches:
Dungeon (2/15)

Altars:


Innate Abilities, Weirdness & Mutations

You regenerate a little health from kills.


Message History

You are poisoned.
The adder poisons you! The adder misses you.
You hit the adder.
The adder is heavily wounded.
You feel sick. The adder completely misses you. The adder barely misses you.
You miss the adder.
The adder is heavily wounded.
The adder bites you.
You barely miss the adder.
The adder is heavily wounded.
You feel sick. The adder bites you.
* * * LOW HITPOINT WARNING * * *
The adder barely misses you.
You barely miss the adder.
The adder is heavily wounded.
The adder bites you.
* * * LOW HITPOINT WARNING * * *
You are more poisoned.
The adder poisons you! The adder bites you.
You die...

###############
#.............#
#.............#
..............#
#.............#
#.......S.....#
#......@).....#
#........<....# ##
#.............# #.
#######'###############.
........................
#######.################
#.# #.# #..


You could see an adder.

Vanquished Creatures
  A ball python (D:1)
  3 giant cockroaches (D:1)
  2 goblins
  A hobgoblin (D:1)
  A bat (D:1)
  3 frilled lizards (D:1)
  3 kobolds (D:1)
  A rat (D:1)
15 creatures vanquished.

Notes
Turn   | Place    | Note
-------+----------+-------------------------------------------
     0 | D:1      | slep the Demonspawn Gladiator began the quest for the Orb.
     0 | D:1      | Reached XP level 1. HP: 16/16 MP: 1/1
   172 | D:1      | Gained mutation: You regenerate a little health from kills. [demonic ancestry]
   172 | D:1      | Reached XP level 2. HP: 19/22 MP: 2/2
   253 | D:1      | Reached skill level 3 in Axes
   644 | D:2      | HP: 1/22 [adder (2)]
   644 | D:2      | Slain by an adder

Vault maps used:
D:1:      minmay_arrival_checkered_box
D:2:      first_bread

Skill      XL: |  1  2 |
---------------+-------+-----
Axes           | 3 |  3.1
Fighting       | |  2.0
Throwing       | |  1.7
Armour         | |  0.5
Dodging        | |  2.9

Action                   || total
-------------------------++-------
Melee: War axe           ||    43
 Stab: Sleeping          ||     1
Armor: Leather armour    ||     8
Dodge: Dodged            ||    41

Table legend:
 A = Spawn XP
 B = Non-spawn XP
 C = Spawn XP percentage of total XP
 D = Spawn monster count
 E = Non-spawn monster count
 F = Spawn count percentage of total count
 G = Total turns spent on level
                    A         B        C        D         E        F      G
               +---------+---------+-------+---------+---------+-------+---------
         Total |       0 |      23 |   0.0 |       0 |      15 |   0.0 |   644
               +---------+---------+-------+---------+---------+-------+---------
           D:1 |       0 |      21 |   0.0 |       0 |      14 |   0.0 |   567
           D:2 |       0 |       2 |   0.0 |       0 |       1 |   0.0 |    77
               +---------+---------+-------+---------+---------+-------+---------
